 Dungeon Sprint DCSS version 0.31.0-32-g396128a36d (webtiles) character file.

Game seed: 6773518282552069219

90 James the Magician (level 4, -10/37 HPs)
             Began as a Gnoll Wanderer on Mar 24, 2024.
             Was a Follower of Okawaru.
             Incinerated by a deep elf pyromancer (13 damage)
             ... with a pyre arrow
             ... in the Dungeon (Sprint V: "Ziggurat Sprint").
             The game lasted 00:05:03 (227 turns).

James the Magician (Gnoll Wanderer)                  Turns: 227, Time: 00:05:03

Health: -10/37     AC: 29    Str: 21    XL:     4   Next: 56%
Magic:  9/11       EV:  9    Int: 13    God:    Okawaru [*.....]
Gold:   0          SH: 13    Dex: 14    Spells: 14/14 levels left

rFire   . . .        W - +5 demon trident
rCold   . . .        Y - +3 kite shield
rNeg    . . .        Q - +15 Maxwell's patent armour {-Cast -Tele rElec Will+ rCorr}
rPois   .            (no helmet)
rElec   +            (no cloak)
rCorr   +            (no gloves)
SInv    .            (no boots)
Will    +....        (no amulet) Stlth
                     T - +6 ring of strength
HPRegen 0.26/turn    U - +6 ring of strength
MPRegen 0.12/turn

%: no teleportation, no spellcasting
@: on fire, heroic, glowing
A: fangs 1, strong nose, distributed training
a: Renounce Religion, Heroism


You were in the Dungeon.
You worshipped Okawaru.
Okawaru was aware of your devotion.
You visited 1 branch

Inventory:

Hand Weapons
 D - the +7 great mace "Firestarter" {flame, immolate, rFlCloud rF++}
   (You found it in the Dungeon)

   rFlCloud:  It grants immunity to clouds of flame.
   rF++:      It greatly protects you from fire.
 E - the +6 shillelagh "Devastator" {shatter}
   (You found it in the Dungeon)
 F - the +11 plutonium sword {^Contam Stlth-}
   (You found it in the Dungeon)

   ^Contam:   It causes magical contamination when unequipped.
   Stlth-:    It makes you less stealthy.
 G - the +8 lance "Wyrmbane" {slay drac, rPois rF+ rC+ AC+3}
   (You found it in the Dungeon)

   AC+3:      It affects your AC (+3).
   rF+:       It protects you from fire.
   rC+:       It protects you from cold.
   rPois:     It protects you from poison
 H - the +9 sword of Zonguldrok {reap}
   (You found it in the Dungeon)
 I - the +13 scythe of Curses {drain, curses, ^Drain}
   (You found it in the Dungeon)

   ^Drain:    It drains your maximum health when unequipped.
 J - the +9 sword of Power {lifebolt}
   (You found it in the Dungeon)
 K - the +7 mace of Variability {chaos, chaos arc}
   (You found it in the Dungeon)
 L - the +11 Singing Sword {sonic wave}
   (You found it in the Dungeon)
 M - the +8 storm bow {elec, penet}
   (You found it in the Dungeon)
 N - the +6 Majin-Bo {spellvamp, MP+6 Int+6}
   (You found it in the Dungeon)

   Int+6:     It affects your intelligence (+6).
   MP+6:      It affects your magic capacity (+6).
 O - the +27 heavy crossbow "Sniper" {heavy, Acc+∞ SInv}
   (You found it in the Dungeon)

   Acc+∞: It never misses its target.
   SInv:      It lets you see invisible.
 P - the +10 dark maul {heavy}
   (You found it in the Dungeon)
 S - the +16 obsidian axe {drain, demonic, Mesm ^Drain Fly SInv}
   (You found it in the Dungeon)

   Mesm:      Its wielder is mesmerised by any visible foes, and it cannot be
   unequipped while any foes are visible.
   SInv:      It lets you see invisible.
   Fly:       It grants you flight.
   ^Drain:    It drains your maximum health when unequipped.
 V - a +5 bardiche
   (You found it in the Dungeon)
 W - a +5 demon trident (weapon)
   (You found it in the Dungeon)
Armour
 d - a +2 leather armour
 k - a +5 crystal plate armour
   (You found it in the Dungeon)
 l - +5 gold dragon scales
   (You found it in the Dungeon)
 m - +5 shadow dragon scales
   (You found it in the Dungeon)
 n - +5 storm dragon scales
   (You found it in the Dungeon)
 o - +5 ice dragon scales
   (You found it in the Dungeon)
 p - +5 fire dragon scales
   (You found it in the Dungeon)
 q - a +5 plate armour
   (You found it in the Dungeon)
 Q - the +15 Maxwell's patent armour (worn) {-Cast -Tele rElec Will+ rCorr}
   (You found it in the Dungeon)

   rElec:     It insulates you from electricity.
   Will+:     It increases your willpower.
   -Cast:     It prevents spellcasting.
   -Tele:     It prevents most forms of teleportation.
   rCorr:     It protects you from acid and corrosion.
 R - the +18 shield of the Gong {Loud rN+ Will+ rCorr EV-5}
   (You found it in the Dungeon)

   Loud:      It is deafeningly noisy when blocking attacks.
   EV-5:      It affects your evasion (-5).
   rN+:       It protects you from negative energy.
   Will+:     It increases your willpower.
   rCorr:     It protects you from acid and corrosion.
 X - a +3 buckler
   (You found it in the Dungeon)
 Y - a +3 kite shield (worn)
   (You found it in the Dungeon)
 Z - a +3 tower shield
   (You found it in the Dungeon)
Jewellery
 C - a ring of flight
   (You found it in the Dungeon)
 T - a +6 ring of strength (left hand)
   (You found it in the Dungeon)
 U - a +6 ring of strength (right hand)
   (You found it in the Dungeon)
Wands
 A - a wand of mindburst (7)
   (You found it in the Dungeon)
 B - a wand of quicksilver (7)
   (You found it in the Dungeon)
Scrolls
 j - 4 scrolls of blinking
 w - 4 scrolls of amnesia
 x - 7 scrolls of fog
 y - 5 scrolls of identify {@r1}
 z - 2 scrolls of fear
Potions
 b - a potion of lignification {!q}
 c - a potion of attraction {!q}
 e - 10 potions of curing {@q1}
 f - 10 potions of heal wounds {@q2}
 g - 6 potions of haste {@q3}
 h - 7 potions of magic
 i - 3 potions of berserk rage
 r - 2 potions of brilliance
 s - 2 potions of invisibility
 t - 4 potions of resistance
 u - a potion of experience
 v - 5 potions of might
Miscellaneous
 a - a condenser vane
   (You found it in the Dungeon)


   Skills:
 + Level 3.9(8.9) Fighting
 + Level 2.9(7.9) Short Blades
 + Level 2.9(7.9) Long Blades
 + Level 2.9(7.9) Axes
 + Level 2.9(7.9) Maces & Flails
 + Level 2.9(7.9) Polearms
 + Level 2.9(7.9) Staves
 + Level 2.9(7.9) Ranged Weapons
 + Level 2.9(7.9) Throwing
 + Level 3.9(8.9) Armour
 + Level 5.4(10.4) Dodging
 + Level 3.8(8.8) Stealth
 + Level 2.9(7.9) Shields
 + Level 2.9(7.9) Unarmed Combat
 + Level 5.8 Spellcasting
 + Level 2.3 Conjurations
 + Level 2.3 Hexes
 + Level 2.3 Summonings
 + Level 4.5 Necromancy
 + Level 2.3 Translocations
 + Level 2.3 Fire Magic
 + Level 2.3 Ice Magic
 + Level 2.3 Air Magic
 + Level 2.3 Earth Magic
 + Level 2.3 Alchemy
 + Level 3.2 Invocations
 + Level 3.9 Evocations
 + Level 2.6 Shapeshifting


You had 14 spell levels left.
You didn't know any spells.
Your spell library contained the following spells:

 Spells                   Type           Power      Damage    Failure   Level
 Sublimation of Blood     Necr           15%        N/A       78%         2
 Cigotuvi's Dreadful Rot  Necr/Alch/Air  22%        N/A       94%         2


Dungeon Overview and Level Annotations

Branches:
Dungeon (1/1)

Altars:
Ashenzari
Cheibriados
Dithmenos
Elyvilon
Fedhas
Gozag
Hepliaklqana
Kikubaaqudgha
Makhleb
Nemelex Xobeh
Okawaru
Qazlal
Ru
Sif Muna
Trog
Uskayaw
Vehumet
Wu Jian
Xom
Yredelemnul
Zin
The Shining One
Jiyva
Lugonu

Annotations:
D 1 transporter


Innate Abilities, Weirdness & Mutations

You have very sharp teeth.
Your uncanny sense of smell can sniff out nearby items.
Your experience applies equally to all skills.


Message History

A deep elf archer, a +1 short sword of flaming and a deep elf pyromancer come into view.
The deep elf archer is wielding a +0 dagger of draining.
The deep elf archer shouts!
The deep elf pyromancer shouts!
The deep elf archer casts a spell at you.
You resist with some effort.
Found three items.
You miss the +1 short sword of flaming. The +1 short sword of flaming hits you.
The +1 short sword of flaming burns you.
The +1 short sword of flaming hits you but does no damage. x2
The deep elf archer unwields a +0 dagger of draining.
The deep elf archer wields a +0 shortbow.
The deep elf archer shoots an arrow.
The arrow hits you but does no damage.
You closely miss the +1 short sword of flaming.
The +1 short sword of flaming barely misses you.
The +1 short sword of flaming hits you but does no damage.
The deep elf pyromancer hits you but does no damage.
You hit the +1 short sword of flaming.
The +1 short sword of flaming hits you but does no damage. x2
The deep elf pyromancer completely misses you.
The deep elf archer casts a spell.
The deep elf archer blinks!
The +1 short sword of flaming hits you.
The +1 short sword of flaming burns you.
You puncture the +1 short sword of flaming!
The +1 short sword of flaming hits you.
The +1 short sword of flaming burns you.
The deep elf pyromancer hits you but does no damage.
The +1 short sword of flaming hits you.
The +1 short sword of flaming burns you.
You hit the +1 short sword of flaming.
Your bite misses the +1 short sword of flaming.
The +1 short sword of flaming hits you but does no damage.
The +1 short sword of flaming barely misses you.
The deep elf pyromancer points at you and mumbles some strange words.
The pyre arrow hits you.
You are covered in intense liquid fire!
The +1 short sword of flaming hits you.
* * * LOW HITPOINT WARNING * * *
The +1 short sword of flaming burns you.
* * * LOW HITPOINT WARNING * * *
The deep elf pyromancer hits you with a +0 long sword.
* * * LOW HITPOINT WARNING * * *
You miss the +1 short sword of flaming.
Your bite misses the +1 short sword of flaming.
The liquid fire burns you!
* * * LOW HITPOINT WARNING * * *
The +1 short sword of flaming hits you but does no damage. x2
The deep elf pyromancer barely misses you.
You gain the combat prowess of a mighty hero.
The liquid fire burns you!
You die...

▓▓▓▓▓▓▓▓▓▓▓▓▓
▓.8©8.▓.8©8.▓
∆∆∆
▓.)[=.▓.....▓
∆
▓.....▓..)|.▓
▓.....▓.....▓
▓.....▓.††..▓
▓..e(e▓..©..▓
▓..©@.▓▓▓▓▓▓▓
▓▓▓▓▓▓▓ ∆∆∆
∆∆∆ ∆ ∆ ∆


You could see a deep elf archer (repels missiles), a deep elf pyromancer and a
+1 short sword of flaming.

Vanquished Creatures
  A wolf (D)
  A river rat (D)
2 creatures vanquished.

Notes
Turn   | Place    | Note
-------+----------+-------------------------------------------
     0 | D        | James the Gnoll Wanderer began the quest for the Orb.
     0 | D        | James set off with the following items: a +0 dagger, a
                  | potion of lignification {!q}, a potion of attraction {!q},
                  | a +2 leather armour, a potion of curing {@q1}, a potion of
                  | heal wounds {@q2}, a potion of haste {@q3}, 2 potions of
                  | magic, a potion of berserk rage, a scroll of blinking; and
                  | the following spells available to memorise: Sublimation of
                  | Blood, Cigotuvi's Dreadful Rot.
     0 | D        | Reached XP level 1. HP: 17/17 MP: 6/6
     3 | D        | Found a blossoming altar of Fedhas.
     3 | D        | Found the +6 Majin-Bo {spellvamp, MP+6 Int+6}
     3 | D        | Found the +27 heavy crossbow "Sniper" {heavy, Acc+∞ SInv}
     3 | D        | Found the +10 dark maul {heavy}
     3 | D        | Found the +15 Maxwell's patent armour {-Cast -Tele rElec
                  | Will+ rCorr}
     3 | D        | Found the +18 shield of the Gong {Loud rN+ Will+ rCorr
                  | EV-5}
     3 | D        | Found the +16 obsidian axe {drain, demonic, Mesm ^Drain Fly
                  | SInv}
     3 | D        | Found the +7 great mace "Firestarter" {flame, immolate,
                  | rFlCloud rF++}
     3 | D        | Found the +6 shillelagh "Devastator" {shatter}
     3 | D        | Found the +11 plutonium sword {^Contam Stlth-}
     3 | D        | Found the +8 lance "Wyrmbane" {slay drac, rPois rF+ rC+
                  | AC+3}
     3 | D        | Found the +9 sword of Zonguldrok {reap}
     3 | D        | Found the +13 scythe of Curses {drain, curses, ^Drain}
     3 | D        | Found the +9 sword of Power {lifebolt}
     3 | D        | Found the +7 mace of Variability {chaos, chaos arc}
     3 | D        | Found the +11 Singing Sword {sonic wave}
     3 | D        | Found the +8 storm bow {elec, penet}
     4 | D        | Found a viscous altar of Jiyva.
     4 | D        | Found a hazy altar of Hepliaklqana.
     4 | D        | Found a transporter.
     4 | D        | Found an opulent altar of Gozag.
     4 | D        | Found an ancient bone altar of Kikubaaqudgha.
     4 | D        | Found a corrupted altar of Lugonu.
    16 | D        | Found a shimmering blue altar of Sif Muna.
    16 | D        | Found a sacrificial altar of Ru.
    16 | D        | Found a bloodstained altar of Trog.
    16 | D        | Found a stormy altar of Qazlal.
    16 | D        | Found an iron altar of Okawaru.
    16 | D        | Found a sparkling altar of Nemelex Xobeh.
    18 | D        | Found a burning altar of Makhleb.
   161 | D        | Became a worshipper of Warmaster Okawaru
   177 | D        | Entered arena 2.
   177 | D        | Noticed a wolf
   177 | D        | Found a transporter.
   185 | D        | Killed a wolf
   185 | D        | Reached * piety under Okawaru
   186 | D        | Reached skill level 5 in Dodging
   186 | D        | Reached skill level 5 in Spellcasting
   186 | D        | Reached XP level 2. HP: 25/25 MP: 6/8
   186 | D        | Reached XP level 3. HP: 30/30 MP: 7/10
   186 | D        | Reached XP level 4. HP: 37/37 MP: 7/11
   219 | D        | Entered arena 3.
   219 | D        | Noticed a deep elf archer
   219 | D        | Noticed a +1 short sword of flaming
   219 | D        | Noticed a deep elf pyromancer
   219 | D        | Found a transporter.
   227 | D        | Incinerated by a deep elf pyromancer

Illustrated notes

Levels and vault maps discovered:
D:        sprint_v [room_start, room_1, room_2, room_3, room_4, room_5, room_6,
          room_7, room_8, room_9, room_10, room_11, room_12, room_13, room_14,
          room_15, room_16, room_17, room_18, room_19, room_20, room_21,
          room_22, room_23, room_24, room_25, room_26, room_27]

Skill      XL: |  1 |
---------------+----+-----
Fighting       | 3 |  3.9
Short Blades   | 2 |  2.9
Long Blades    | 2 |  2.9
Axes           | 2 |  2.9
Maces & Flails | 2 |  2.9
Polearms       | 2 |  2.9
Staves         | 2 |  2.9
Ranged Weapons | 2 |  2.9
Throwing       | 2 |  2.9
Armour         | 3 |  3.9
Dodging        | 5 |  5.4
Stealth        | 3 |  3.8
Shields        | 2 |  2.9
Unarmed Combat | 2 |  2.9
Spellcasting   | 5 |  5.8
Conjurations   | 2 |  2.3
Hexes          | 2 |  2.3
Summonings     | 2 |  2.3
Necromancy     | 4 |  4.5
Translocations | 2 |  2.3
Fire Magic     | 2 |  2.3
Ice Magic      | 2 |  2.3
Air Magic      | 2 |  2.3
Earth Magic    | 2 |  2.3
Alchemy        | 2 |  2.3
Invocations    | 3 |  3.2
Evocations     | 3 |  3.9
Shapeshifting  | 2 |  2.6

Action                     |  1- 3 |  4- 6 || total
---------------------------+-------+-------++-------
  Melee: Demon trident     |     8 |     8 ||    16
         Bite              |     1 |       ||     1
 Invoke: Heroism           |       |     1 ||     1
 Armour: Plate armour      |    14 |    17 ||    31
  Dodge: Dodged            |     2 |     4 ||     6
  Block: Kite shield       |    12 |     1 ||    13
